[Event "Late-Titled-Tuesday-Blitz-November-28-2023"]
[Site "Chess.com"]
[Date "2023.11.28"]
[Round "7"]
[White "Freeeeeeeeeeeeeeeeee"]
[Black "TimGrutter03"]
[Result "0-1"]
[WhiteElo "2129"]
[BlackElo "2545"]
[TimeControl "180+1"]
[EndTime "15:15:36 PST"]
[Termination "TimGrutter03 won by checkmate"]

1. d4 h6 2. h3 a6 3. a3 d5 4. Nf3 Nf6 5. Bf4 g5 6. Bh2 Bg7 7. e3 Bf5 8. c4 c6 9. c5 Nbd7 10. Nc3 O-O 11. Bd3 e6 12. Bxf5 exf5 13. O-O Ne4 14.
Nd2 Re8 15. Ndxe4 fxe4 16. f4 exf3 17. Qxf3 Qf6 18. Rae1 Qg6 19. Kh1 Re6 20. Ne2 Rae8 21. Bg1 Nf6 22. Ng3 Ne4 23. Nf5 Nd2 24. Qg4 Nxf1 25.
Rxf1 Rf6 26. Bh2 h5 27. Qf3 g4 28. Qf4 Kh7 29. Kg1 Re4 30. Qf2 Bh6 31. hxg4 Bxe3 32.
Nxe3 Rxf2 33. Kxf2 hxg4 34. Be5 g3+ 35. Ke2 Rxe3+ 36. Kxe3 Qe4+ 37. Kd2 Qxg2+ 38. Ke1 Qe4+ 39. Kd2 g2 40. Rg1 Qf3 41. Bh2 Qf2+ 42. Kd3 Kg6 43.
b4 Kh5 44. a4 Kg4 45. b5 axb5 46. axb5 Kh3 47. bxc6 bxc6 48. Ra1 Qf1+ 49. Rxf1 gxf1=Q+ 50. Kc3 Kxh2 51. Kb4 Qc4+ 52. Ka5 Qb5# 0-1

[Event "Late-Titled-Tuesday-Blitz-November-28-2023"]
[Site "Chess.com"]
[Date "2023.11.28"]
[Round "7"]
[White "cthulhuuu"]
[Black "Mikasinski"]
[Result "0-1"]
[WhiteElo "2501"]
[BlackElo "2714"]
[TimeControl "180+1"]
[EndTime "15:15:37 PST"]
[Termination "Mikasinski won on time"]

1. e4 c5 2. Nf3 d6 3. g3 g6 4. Bg2 Bg7 5. O-O Nc6 6. d3 Nf6 7. Re1 O-O 8. e5 dxe5 9. Nxe5 Nxe5 10. Rxe5 Qc7 11. Bf4 Qb6 12. Nc3 Qxb2 13. Rxc5 Nh5 14. Bd2 Qa3 15. Rc7 a6 16. Rb1 Be6 17. Rbxb7 Be5 18.
Nb1 Qxa2 19. Rxe7 Rac8 20. c4 Rcd8 21. Nc3 Qa3 22. Qc2 Bd6 23. Nb1 Qc5 24. Bb4 Qe5 25.
Bxd6 Rxd6 26. Bd5 Qe1+ 27. Kg2 Rxd5 28. cxd5 Bxd5+ 29. f3 Qa5 30. Rbd7 Nf6 31. Qc3 Qa2+ 32. Nd2 Nxd7 33. Rxd7 Re8 34. Kf2 Be6 35. Rc7 h5 36.
Qc2 Qd5 37. Ne4 Qd4+ 38. Kg2 Bf5 39. Qc3 Rd8 40. Qxd4 Rxd4 41. Rc3 a5 42. Kf2 Rb4 43. Ke3 Rb2 44. h4 Ra2 45. Kf4 Kg7 46. g4 hxg4 47. fxg4 Be6 48. g5 a4 49. Nf6 Rh2 0-1

[Event "Late-Titled-Tuesday-Blitz-November-28-2023"]
[Site "Chess.com"]
[Date "2023.11.28"]
[Round "7"]
[White "vladgoncharov"]
[Black "OneTrickPony_82"]
[Result "1-0"]
[WhiteElo "2619"]
[BlackElo "2467"]
[TimeControl "180+1"]
[EndTime "15:15:37 PST"]
[Termination "vladgoncharov won on time"]

1. d4 Nf6 2. c4 e6 3. Nc3 d5 4.
cxd5 exd5 5. Bg5 Be7 6. e3 h6 7. Bh4 O-O 8. Bd3 c6 9. Nge2 Nbd7 10. O-O Re8 11. a3 a5 12. Rb1 Nh5 13. Bxe7 Qxe7 14. Rc1 g6 15. Na4 Qh4 16. Nc5 Ndf6 17. Ng3 Ng4 18.
h3 Nxe3 19. fxe3 Qxg3 20. Rf3 Qg5 21. e4 b6 22. exd5 bxc5 23. Rxc5 Nf4 24. Bf1 cxd5 25. Kh2 Ne6 26. Rg3 Qf4 27. Rc3 Ng5 28. Bd3 Ba6 29. Bb1 Re2 30. Rc6 Re3 31. Qg4 Qxg3+ 32.
Qxg3 Rxg3 33. Kxg3 Bb7 34. Rb6 Bc8 35. Ba2 Ne4+ 36.
Kf4 Be6 37. g4 Rc8 38. Rb5 a4 39. Bxd5 Bxd5 40. Rxd5 Nf6 41. Ra5 Rc4 42. Ke5 Ne8 43. d5 Kf8 44. d6 Rc8 45. d7 Rd8 46. dxe8=Q+ Rxe8+ 47.
Kd4 Rb8 48. Rxa4 Rb3 49. Rb4 Rxh3 50. a4 Rg3 51. Ke5 Re3+ 52. Kf4 Re6 53. a5 Ra6 54.
Rb5 Ke7 55. b4 Kd6 56. Rb7 f6 57. Ke4 h5 58. gxh5 gxh5 59. Kd4 Kc6 60. Rh7 Kb5 61.
Kc3 Rc6+ 62. Kb3 Re6 63. Rxh5+ Ka6 64. Rf5 1-0

[Event "Late-Titled-Tuesday-Blitz-November-28-2023"]
[Site "Chess.com"]
[Date "2023.11.28"]
[Round "7"]
[White "MathiasWomacka"]
[Black "JaackCamel"]
[Result "1/2-1/2"]
[WhiteElo "2512"]
[BlackElo "2060"]
[TimeControl "180+1"]
[EndTime "15:15:37 PST"]
[Termination "Game drawn by repetition"]

1. e4 e6 2. d4 d5 3. Nd2 c5 4. exd5 Qxd5 5. Ngf3 cxd4 6. Bc4 Qd6 7. O-O Nf6 8. Nb3 Nc6 9. Nbxd4 Nxd4 10. Nxd4 a6 11.
b3 Qc7 12. Bb2 Bd6 13. Nf3 O-O 14. Qe2 b5 15. Bd3 Bb7 16. Bxf6 gxf6 17. Be4 f5 18. Bxb7 Qxb7 19. c4 Qe4 20. Rfe1 Qxe2 21. Rxe2 bxc4 22. bxc4 Rfc8 23. Rc1 Rc5 24. g3 Rac8 25. Rec2 a5 26. Nd4 a4 27. Kf1 Be5 28. Nf3 Bf6 29.
Ke2 Kg7 30. Ne1 Re5+ 31. Kf3 Rec5 32. Nd3 R5c6 33. c5 Bd4 34. Rc4 e5 35. Ke2 a3 36.
f4 e4 37. Rxd4 exd3+ 38. Rxd3 Rxc5 39. Rxc5 Rxc5 40. Rxa3 Rc2+ 41. Kf3 Rxh2 42. Ra5 Kg6 43. Ra6+ f6 44. Ra8 Rh1 45. a4 Ra1 46. a5 Ra3+ 47. Kg2 h6 48. Kh3 Ra1 49. a6 Kh5 50. Kg2 Ra3 51. Kf2 Kg6 52. Kg2 Kh5 53. Kh3 Ra1 54.
Kh2 Ra2+ 55. Kh3 Ra1 1/2-1/2

[Event "Late-Titled-Tuesday-Blitz-November-28-2023"]
[Site "Chess.com"]
[Date "2023.11.28"]
[Round "7"]
[White "SergioMoralesG"]
[Black "FontVella8"]
[Result "1/2-1/2"]
[WhiteElo "2379"]
[BlackElo "2580"]
[TimeControl "180+1"]
[EndTime "15:15:41 PST"]
[Termination "Game drawn - insufficient material"]

1. d4 Nf6 2. c4 e6 3. Nf3 d5 4.
Nc3 c5 5. e3 dxc4 6. Bxc4 a6 7.
O-O Nc6 8. Qe2 b5 9. Bb3 Qc7 10. d5 Na5 11. dxe6 Nxb3 12. exf7+ Qxf7 13. axb3 Bb7 14. e4 Qxb3 15. Bg5 Be7 16. e5 Nd5 17. Nxd5 Qxd5 18.
Bxe7 Kxe7 19. Rad1 Qe4 20. Qd2 Rhd8 21. Qg5+ Ke8 22.
Qxg7 Bd5 23. e6 Qg6 24. Qe5 Bxf3 25. Rxd8+ Rxd8 26. g3 Bd5 27. Re1 Bxe6 28. Qxe6+ Qxe6 29. Rxe6+ Kf7 30. Rxa6 Rd2 31. b3 Rd3 32. Rc6 Rxb3 33.
Rxc5 Rb1+ 34. Kg2 b4 35. Rc7+ Kg6 36. h4 b3 37. Rb7 b2 38. Kf3 h6 39. Rb6+ Kf5 40. Rb5+ Ke6 41. h5 Kd6 42. g4 Kc6 43. Rb3 Kc5 44. Kf4 Kc4 45. Rb8 Kc3 46. g5 hxg5+ 47.
Kf5 Rf1 48. Rxb2 Kxb2 49. h6 Rxf2+ 50. Kxg5 Kc3 51. h7 Rg2+ 52. Kf6 Rh2 53. Kg7 Kd4 54. h8=Q Rxh8 55. Kxh8 1/2-1/2

[Event "Late-Titled-Tuesday-Blitz-November-28-2023"]
[Site "Chess.com"]
[Date "2023.11.28"]
[Round "7"]
[White "Jospem"]
[Black "eljanov"]
[Result "0-1"]
[WhiteElo "3045"]
[BlackElo "2890"]
[TimeControl "180+1"]
[EndTime "15:15:42 PST"]
[Termination "eljanov won on time"]

1. e4 e5 2. Nf3 Nc6 3. Nc3 Nf6 4. h3 Bb4 5. a3 Bxc3 6. dxc3 d6 7. Bd3 O-O 8. Qe2 Ne7 9. Be3 Ng6 10. O-O-O Bd7 11.
Nd2 Rb8 12. g3 a5 13. f4 b5 14. f5 Ne7 15. g4 b4 16. g5 Ne8 17. Nb1 Nc6 18. h4 bxc3 19. Nxc3 Nd4 20. Qf2 c5 21. Nd5 Nc7 22. f6 Nxd5 23. exd5 Qb6 24. c3 e4 25. fxg7 Rfe8 26. Rhf1 Nf3 27. Rd2 Bg4 28. Bc4 Bh5 29. Kb1 Ne5 30. Be2 Bxe2 31. Qxe2 Nf3 32. Rc2 Qb3 33.
h5 Qxd5 34. g6 fxg6 35. hxg6 hxg6 36. Qg2 Kxg7 37. Ka1 Rh8 38. Bf4 Rb6 39. Rcc1 Rhb8 40. Rf2 Qf5 41. Be3 Rh8 42. Qg3 Rh3 43. Qg2 Rh2 44. Qg3 Rxf2 45. Qxf2 Ne5 46. Qh2 Ng4 47. Qg3 Qf3 48. Bh6+ Kxh6 49. Qh4+ Kg7 50. Qd8 Rb7 51.
Qxd6 Qf5 52. Qc6 Rf7 53. Re1 e3 54. Qd6 Qe5 55. Qd1 Qe4 56. Qd6 c4 57. Qc5 e2 58.
Ka2 Ne5 59. Rh1 Qxh1 60. Qxe5+ Kh7 0-1

[Event "Late-Titled-Tuesday-Blitz-November-28-2023"]
[Site "Chess.com"]
[Date "2023.11.28"]
[Round "7"]
[White "inagreV"]
[Black "GMthekingindian"]
[Result "0-1"]
[WhiteElo "2421"]
[BlackElo "2335"]
[TimeControl "180+1"]
[EndTime "15:15:43 PST"]
[Termination "GMthekingindian won by resignation"]

1. d4 d5 2. c4 e6 3. Nc3 Nf6 4. cxd5 exd5 5. Bg5 Be7 6. e3 c6 7.
Qc2 Nbd7 8. Bd3 O-O 9. f3 Re8 10.
Nge2 Nf8 11. Bh4 Be6 12. g4 c5 13. Rd1 c4 14. Bf5 g6 15. Bxe6 Nxe6 16. Bg3 h5 17. h3 Qd7 18. Kf2 b5 19. Nf4 b4 20. Nce2 h4 21.
Bxh4 g5 22. Nxe6 Qxe6 23. Bxg5 Ne4+ 24. fxe4 Bxg5 25. e5 Qh6 26. Qf5 Bxe3+ 27. Kf3 Re6 28. g5 Bxg5 29. Rdg1 Rg6 30. h4 Qh5+ 31. Kf2 Bxh4+ 32.
Rxh4 Qxf5+ 33. Rf4 Qh5 34. Rxg6+ fxg6 35. Ng3 Qg5 36. Rf6 Rf8 37. Rxf8+ Kxf8 38. Ne2 Qf5+ 39. Ke1 Qe4 40. Kd2 c3+ 41. bxc3 bxc3+ 42. Nxc3 Qxd4+ 43.
Kc2 Qxe5 44. Kd3 d4 45. Ne4 g5 46. a4 g4 47. a5 g3 48. Nxg3 Qxg3+ 49. Kxd4 Qb3 50. a6 Qb5 0-1

[Event "Late-Titled-Tuesday-Blitz-November-28-2023"]
[Site "Chess.com"]
[Date "2023.11.28"]
[Round "7"]
[White "dianamirza"]
[Black "TheMagician"]
[Result "0-1"]
[WhiteElo "2030"]
[BlackElo "2299"]
[TimeControl "180+1"]
[EndTime "15:15:44 PST"]
[Termination "TheMagician won by resignation"]

1. e4 c5 2. Nf3 d6 3. d4 cxd4 4. Nxd4 Nf6 5. Be3 a6 6. Nc3 e5 7. Nb3 Be6 8. f3 Nbd7 9. Qd2 b5 10. Nd5 Bxd5 11. exd5 Nb6 12. a4 Nbxd5 13. axb5 Nxe3 14. Qxe3 a5 15. Bd3 Be7 16. b6 Nd5 17. Bb5+ Kf8 18. Qe4 Nxb6 19. O-O a4 20. Bxa4 d5 21. Qg4 h5 22. Qf5 Nxa4 23. f4 e4 24. Nd4 Bc5 25. c3 Rh6 26. Kh1 Bxd4 27. cxd4 h4 28. Rfc1 h3 29. gxh3 Rha6 30. b3 Nb6 31. Rxa6 Rxa6 32. Qh7 Ke7 33. Qxg7 Nd7 34. Qg5+ Rf6 35. Qxd5 e3 36.
Qe4+ Re6 37. Qf5 e2 38. Re1 Qh8 39. d5 Qc3 40. Qg5+ Ke8 41. Qg8+ Nf8 42. dxe6 Qxe1+ 43. Qg1 Qxg1+ 44. Kxg1 e1=Q+ 45. Kg2 Qxe6 46. Kg3 Qxb3+ 47. Kg4 Qe6+ 48. f5 Qf6 49. Kf4 Ne6+ 50. Ke4 Ng7 51.
Ke3 Qxf5 52. Ke2 Ne6 0-1

[Event "Late-Titled-Tuesday-Blitz-November-28-2023"]
[Site "Chess.com"]
[Date "2023.11.28"]
[Round "7"]
[White "Gyulamiryan-koryun"]
[Black "Redzishchess"]
[Result "1-0"]
[WhiteElo "1990"]
[BlackElo "2489"]
[TimeControl "180+1"]
[EndTime "15:15:45 PST"]
[Termination "Gyulamiryan-koryun won on time"]

1. e4 c5 2. Nf3 d6 3. d4 cxd4 4. Nxd4 Nf6 5. Nc3 g6 6. f3 Bg7 7. Be3 O-O 8. Qd2 Nc6 9. O-O-O d5 10. Bh6 Bxh6 11. Qxh6 Nxd4 12. Rxd4 e5 13. Rxd5 Nxd5 14. Nxd5 Be6 15. Bc4 Rc8 16. Bb3 Bxd5 17. Bxd5 b5 18.
Rd1 Qf6 19. Qe3 Rc7 20. g3 Rfc8 21. c3 b4 22. c4 Rxc4+ 23. Bxc4 Rxc4+ 24. Kb1 Kg7 25. f4 Qc6 26. fxe5 Rxe4 27. Qb3 a5 28. Qd5 Qxd5 29. Rxd5 a4 30. b3 a3 31. Kc2 Re2+ 32.
Rd2 Rxe5 33. Rf2 Re3 34. Kd2 Rc3 35. Rf4 f5 36. Rxb4 Rf3 37. Rb7+ Kf6 38. Ra7 Rf2+ 39. Kc3 Rxa2 40. b4 Rxh2 41. Rxa3 Rh3 42. Kc4 f4 43.
Ra6+ Ke5 44. gxf4+ Kxf4 45. b5 Rh1 46. Ra4 Rc1+ 47.
Kd5+ Kf5 48. b6 Rb1 49. Kc6 h5 50. Ra5+ 1-0

[Event "Late-Titled-Tuesday-Blitz-November-28-2023"]
[Site "Chess.com"]
[Date "2023.11.28"]
[Round "7"]
[White "falzehope0"]
[Black "e4evr"]
[Result "0-1"]
[WhiteElo "2349"]
[BlackElo "2143"]
[TimeControl "180+1"]
[EndTime "15:15:46 PST"]
[Termination "e4evr won by resignation"]

1. d4 Nf6 2. e3 e6 3. Bd3 b6 4.
f4 Bb7 5. Nf3 Be7 6. O-O Ne4 7.
Nbd2 f5 8. Ne5 O-O 9. Nxe4 fxe4 10. Bc4 d5 11. Bb3 Nd7 12. Qg4 Rf6 13. c4 Nxe5 14.
dxe5 Rg6 15. Qe2 Ba6 16. Qc2 c6 17. Rd1 Bc5 18. a3 Qh4 19. Ba2 Qxf4 20. cxd5 Bxe3+ 21.
Kh1 cxd5 22. Bxe3 Qxe3 23. Rxd5 Bd3 24. Qc6 Rf8 25. Qd6 Bf1 26. Rd2 Qf4 27. Bxe6+ Kh8 28. Rc2 Bc4 29. Bxc4 Rxd6 30. exd6 Qxd6 31. Rac1 e3 32. Be2 g6 33. Bf3 Qd3 34. Re2 Re8 35.
Rce1 Qb3 36. h3 b5 37. Kg1 a5 38. Kh1 b4 39. axb4 Qxb4 40. Kg1 a4 41. Kh1 Re5 42.
Rxe3 Qxe1+ 43. Rxe1 Rxe1+ 44. Kh2 Rb1 45. Bc6 Rxb2 46.
Bxa4 Kg7 47. Bc6 Kf6 48. Bf3 Ke5 49. Kg3 h6 50. Bc6 Rb3+ 51. Bf3 Rc3 52. h4 Kf5 53. Kh3 Kf4 54. Kh2 Rxf3 55. gxf3 Kxf3 56. Kh3 h5 57. Kh2 Kg4 58. Kg2 Kxh4 59. Kh2 Kg4 60. Kg2 g5 61. Kh2 h4 62. Kg2 h3+ 63. Kf2 Kh4 64. Kf3 g4+ 65. Kf2 g3+ 66. Kf3 h2 67. Kg2 Kg4 68. Kh1 Kf4 69. Kg2 h1=Q+ 70. Kxh1 Kf3 71.
Kg1 g2 72. Kh2 Kf2 73. Kh3 g1=Q 74. Kh4 Qg6 0-1

[Event "Late-Titled-Tuesday-Blitz-November-28-2023"]
[Site "Chess.com"]
[Date "2023.11.28"]
[Round "7"]
[White "DreamsAreFake"]
[Black "rasmussvane"]
[Result "1-0"]
[WhiteElo "2692"]
[BlackElo "2963"]
[TimeControl "180+1"]
[EndTime "15:15:47 PST"]
[Termination "DreamsAreFake won by checkmate"]

1. Nf3 d5 2. g3 Nf6 3. Bg2 e6 4.
O-O Be7 5. b3 O-O 6. Bb2 c5 7.
e3 Nc6 8. Ne5 Bd7 9. Nxd7 Qxd7 10. d3 e5 11. c4 d4 12. exd4 exd4 13. Nd2 Rae8 14. Re1 Ng4 15. h3 Nge5 16. Nf3 Ng6 17. a3 Bd6 18. Qd2 h6 19. Rxe8 Rxe8 20. Re1 a5 21.
Bc1 b6 22. Qd1 Kf8 23. Bd2 Rxe1+ 24. Nxe1 Nd8 25. Nc2 Ne6 26. Qf3 Ne5 27. Qa8+ Qd8 28. Qe4 Ng5 29. Qe2 Ne6 30. f4 Nd7 31. Qe4 Nf6 32. Qc6 Qc7 33. Qf3 Ke7 34. Be1 g5 35. fxg5 hxg5 36. b4 axb4 37. axb4 Qa7 38. bxc5 bxc5 39.
Bf2 Qa2 40. Ne1 Qa7 41. Qf5 Qc7 42. Kh2 Ne8 43. Nf3 N8g7 44. Qh7 Ne8 45. Qh6 f6 46.
Qh7+ Kd8 47. Qg8 Qe7 48. Nd2 Kc7 49. Ne4 Be5 50. Be1 Nd6 51. Ba5+ Kd7 52. Qa8 Nxe4 53. Bxe4 Qd6 54. Qb7+ Ke8 55. Bg6+ Kf8 56. Qf7# 1-0

[Event "Late-Titled-Tuesday-Blitz-November-28-2023"]
[Site "Chess.com"]
[Date "2023.11.28"]
[Round "7"]
[White "Hilary46"]
[Black "Elsa167"]
[Result "0-1"]
[WhiteElo "2630"]
[BlackElo "2903"]
[TimeControl "180+1"]
[EndTime "15:15:48 PST"]
[Termination "Elsa167 won by resignation"]

1. e4 e6 2. d4 d5 3. Nc3 Bb4 4.
e5 c5 5. a3 Bxc3+ 6. bxc3 Ne7 7. Qg4 Qc7 8. Qxg7 Rg8 9. Qxh7 cxd4 10. Qd3 Qxe5+ 11. Ne2 dxc3 12. Qxc3 Qxc3+ 13. Nxc3 Nbc6 14. Bb2 e5 15. O-O-O Be6 16. Ne2 Rc8 17. f4 f6 18.
fxe5 fxe5 19. g3 d4 20. Re1 Kd7 21. Ng1 Bd5 22. Bh3+ Kd6 23. Bxc8 Rxc8 24. Ne2 Bxh1 25. Rxh1 Nd5 26. Kd2 Na5 27. h4 Ne3 28. Nxd4 Nec4+ 29. Kc1 exd4 30. Bxd4 Nxa3 31. c3 Nb5 32. Kd2 Nb3+ 33.
Ke3 N3xd4 34. cxd4 Rc3+ 35. Kf4 Nxd4 36. h5 Ne2+ 37.
Kg4 Rxg3+ 38. Kf5 Rg8 39. Rd1+ Kc5 40. h6 Ng3+ 41. Kf6 Ne4+ 42. Kf7 Rb8 43. h7 Ng5+ 44. Kg6 Nxh7 45. Rc1+ Kb6 46. Kxh7 a5 47. Kg6 Ka6 48. Kf5 b5 49. Ke4 a4 50. Kd4 Ka5 51. Rh1 Rc8 52.
Kd3 a3 53. Kd4 b4 54. Rh7 Ka4 55. Kd3 a2 56. Kd2 Ka3 57. Ra7+ Kb2 58. Rxa2+ Kxa2 0-1

[Event "Late-Titled-Tuesday-Blitz-November-28-2023"]
[Site "Chess.com"]
[Date "2023.11.28"]
[Round "7"]
[White "ameetghasi100"]
[Black "GoltsevDmitry2000"]
[Result "1/2-1/2"]
[WhiteElo "2826"]
[BlackElo "2682"]
[TimeControl "180+1"]
[EndTime "15:15:49 PST"]
[Termination "Game drawn by stalemate"]

1. g3 h5 2. Bg2 h4 3. g4 d5 4. h3 c6 5. c4 dxc4 6. Na3 Nf6 7. Nxc4 Nbd7 8. b3 Nb6 9. Bb2 Nxc4 10. bxc4 Be6 11.
Qc2 Qa5 12. Nf3 Rd8 13. Bc3 Qc5 14. d3 Bc8 15. Qb2 e6 16. Ne5 Nd7 17. Nxd7 Rxd7 18.
Bxg7 Bxg7 19. Qxg7 Qa5+ 20. Kf1 Rf8 21. Qf6 Qd2 22.
Bf3 Re7 23. Kg2 e5 24. Rab1 Qxa2 25. Bxc6+ bxc6 26. Qxc6+ Kd8 27. Qd6+ Ke8 28. Rb8 f5 29. Rxc8+ Kf7 30. Rxf8+ Kxf8 31. Qf6+ Rf7 32. Qd8+ Kg7 33. Re1 fxg4 34. hxg4 Qd2 35. Kf1 Qf4 36. Qxh4 e4 37. e3 Qf3 38. dxe4 Qxe4 39. Qg5+ Kf8 40. Qd8+ Kg7 41.
Qg5+ Kf8 42. Kg1 Rh7 43. Qf5+ Qxf5 44. gxf5 Kf7 45. e4 Kf6 46. f4 Rc7 47. Rc1 Rd7 48. Kf2 a5 49. Ke3 a4 50. c5 a3 51. c6 Rc7 52. Ra1 Rxc6 53. Rxa3 Rc7 54. Rd3 Rh7 55. Rd6+ Kf7 56. Rd7+ Kf6 57. Rxh7 1/2-1/2

[Event "Late-Titled-Tuesday-Blitz-November-28-2023"]
[Site "Chess.com"]
[Date "2023.11.28"]
[Round "7"]
[White "Aleksandar-Topalov"]
[Black "GiorgianBarbosa"]
[Result "1-0"]
[WhiteElo "2417"]
[BlackElo "2523"]
[TimeControl "180+1"]
[EndTime "15:15:52 PST"]
[Termination "Aleksandar-Topalov won on time"]

1. b3 Nf6 2. Bb2 g6 3. Bxf6 exf6 4. c4 Bg7 5. Nc3 O-O 6. e3 d6 7. Nge2 c6 8. g3 h5 9. Bg2 Bg4 10. O-O Nd7 11. d4 h4 12. Qd2 hxg3 13. hxg3 Re8 14. b4 Bh6 15. b5 Rc8 16. bxc6 bxc6 17. Rab1 Nb6 18. Qd3 Kg7 19. a4 d5 20. cxd5 cxd5 21.
Rfc1 Bf5 22. Qa6 Bxb1 23. Rxb1 Rc7 24. a5 Nc8 25. Nxd5 Rd7 26. Nec3 Rd6 27. Qc4 Ne7 28. Rb7 Nxd5 29. Bxd5 Rd7 30. a6 Ree7 31. Bc6 Rc7 32. Nd5 Rxb7 33. axb7 Re6 34. Qa6 f5 35. Qxa7 Rxc6 36.
b8=Q Rc1+ 37. Kh2 Qxd5 38. Qe5+ Qxe5 39. dxe5 Rc2 40. Kg2 Rc6 41. Qd7 Re6 42. Qd4 Kg8 43.
f4 Bg7 44. Qd8+ Bf8 45. Kf3 Kg7 46. e4 fxe4+ 47. Kxe4 Be7 48. Qd7 Bf8 49. g4 Rb6 50. f5 gxf5+ 51. gxf5 Rb4+ 52. Kf3 Rb3+ 53. Kg4 Rb4+ 54.
Kg5 Rb6 55. e6 Kh8 56. Qxf7 Bg7 57. e7 1-0

[Event "Late-Titled-Tuesday-Blitz-November-28-2023"]
[Site "Chess.com"]
[Date "2023.11.28"]
[Round "7"]
[White "Abduzhaparov"]
[Black "TanitoluwaAps116"]
[Result "1-0"]
[WhiteElo "2446"]
[BlackElo "2684"]
[TimeControl "180+1"]
[EndTime "15:15:56 PST"]
[Termination "Abduzhaparov won by checkmate"]

1. Nf3 Nf6 2. c4 e6 3. g3 b6 4. Bg2 Bb7 5. O-O Be7 6. Nc3 O-O 7. Re1 d5 8. cxd5 exd5 9. d4 c5 10. Bf4 Nc6 11. e3 h6 12. h4 Re8 13. Ne5 Bf8 14.
Qa4 Qc8 15. Rad1 Ne7 16. Nb5 Rd8 17. dxc5 bxc5 18. Qb3 Nc6 19. Nc3 c4 20. Qa4 Qe6 21. Nxc6 Bxc6 22. Qa5 Be7 23. Ne2 Bb7 24. Nd4 Qb6 25.
Qxb6 axb6 26. a3 Ne4 27. Bc7 Rd7 28. Nb5 Bc6 29. Bxe4 dxe4 30. Rxd7 Bxd7 31. Nc3 f5 32.
Rd1 Be6 33. Nd5 Bxd5 34. Rxd5 g6 35. Rb5 Rc8 36. Be5 Kf7 37. Rxb6 Bc5 38. Rb7+ Ke6 39.
Bc3 Rd8 40. h5 gxh5 41. Rh7 h4 42. Rxh6+ Kd5 43. Rxh4 Rb8 44. Kg2 Rb3 45. Rh5 Bxa3 46. Rxf5+ Kd6 47. Rf6+ Ke7 48. Rc6 Bxb2 49. Bxb2 Rxb2 50.
Rxc4 Kf6 51. Rxe4 Kf5 52. Rf4+ Kg5 53. e4 Re2 54. Kf3 Re1 55. Rf5+ Kg6 56. Kf4 Re2 57. f3 Re1 58. Ra5 Rd1 59. Ra6+ Kg7 60. g4 Re1 61.
Kf5 Rf1 62. f4 Re1 63. e5 Kh7 64. Ra7+ Kh8 65. Kg6 Rg1 66. Ra8# 1-0

[Event "Late-Titled-Tuesday-Blitz-November-28-2023"]
[Site "Chess.com"]
[Date "2023.11.28"]
[Round "7"]
[White "Schwindle"]
[Black "Charodej1"]
[Result "1-0"]
[WhiteElo "2374"]
[BlackElo "2208"]
[TimeControl "180+1"]
[EndTime "15:15:57 PST"]
[Termination "Schwindle won by resignation"]

1. e4 c6 2. d4 d5 3. Nc3 dxe4 4.
Nxe4 Nd7 5. Ng5 Ngf6 6. N1f3 e6 7. Qe2 Bd6 8. Nxf7 Kxf7 9. Ng5+ Ke8 10. Nxe6 Qe7 11.
Nxg7+ Kf7 12. Nf5 Qxe2+ 13. Bxe2 Bf8 14. O-O Nb6 15. Ne3 Bg7 16. a4 a5 17. c3 Be6 18.
Bd2 Rhg8 19. Rfe1 Bf8 20. Kf1 Bd6 21. h3 Rg7 22. g4 Ne4 23. Bc1 Rf8 24. Bd3 Ng5 25.
Kg2 Kg8 26. c4 Bb4 27. Rd1 h5 28. Nf5 Bxf5 29. Bxf5 hxg4 30. hxg4 Nc8 31. Be3 Nd6 32. Bd3 Ne6 33. c5 Ne8 34. f3 N8c7 35. Bc4 Rd8 36. g5 Nd5 37. Bxd5 Rxd5 38. f4 Rgd7 39. Kf3 Nxd4+ 40. Bxd4 Rxd4 41. Rxd4 Rxd4 42. Rh1 Bxc5 43. f5 Rd3+ 44. Kg4 Rd4+ 45. Kh5 Rd7 46. Re1 Rh7+ 47. Kg4 Re7 48. Rd1 Re4+ 49. Kh5 Rd4 50. Re1 Rd8 51. Kg6 Bf8 52. f6 Rd6 53. Re8 b5 54. b3 bxa4 55.
bxa4 c5 56. Rc8 Rb6 57. Kf5 Kf7 58. g6+ Kg8 59. g7 1-0

[Event "Late-Titled-Tuesday-Blitz-November-28-2023"]
[Site "Chess.com"]
[Date "2023.11.28"]
[Round "7"]
[White "SanchezKelvin"]
[Black "liwadas82"]
[Result "1-0"]
[WhiteElo "2530"]
[BlackElo "2377"]
[TimeControl "180+1"]
[EndTime "15:15:58 PST"]
[Termination "SanchezKelvin won on time"]

1. e4 e5 2. Nf3 Nc6 3. Bb5 a6 4.
Ba4 Nf6 5. O-O b5 6. Bb3 Bb7 7. d3 Bc5 8. Nc3 d6 9. Be3 h6 10. Bxc5 dxc5 11. Bd5 Qd6 12. a4 b4 13. Bxc6+ Bxc6 14.
Ne2 O-O 15. b3 Bd7 16. Nd2 Be6 17. Ng3 Rad8 18. h3 Nd7 19. Qe2 a5 20. Kh2 g5 21.
Qh5 Kg7 22. Nc4 Qa6 23. Ne3 Rh8 24. Qe2 Kf8 25. Nh5 Qd6 26. g3 Ke7 27. g4 f6 28. Ng7 Kf7 29. Ngf5 Bxf5 30. Nc4 Qa6 31. exf5 h5 32. Kg2 hxg4 33. hxg4 Nb6 34. Rh1 Nd5 35. Qe4 Nf4+ 36. Kg3 Qa8 37. f3 Rde8 38. Qxa8 Rxa8 39. Rxh8 Rxh8 40. Nxa5 Rh3+ 41. Kf2 Rh2+ 42. Kg1 Rxc2 43. Nc4 Nh3+ 44. Kf1 Rf2+ 45. Ke1 Rxf3 46. a5 Nf4 47. a6 Nxd3+ 48. Ke2 e4 49. a7 Nf4+ 50. Ke1 Ng2+ 51. Kd2 Rd3+ 52. Kc2 Rc3+ 53. Kb2 e3 54. a8=Q e2 55.
Qd5+ Kg7 56. Qxg2 e1=Q 57. Rxe1 Rg3 58. Qxg3 1-0

[Event "Late-Titled-Tuesday-Blitz-November-28-2023"]
[Site "Chess.com"]
[Date "2023.11.28"]
[Round "7"]
[White "szefru"]
[Black "melissa_guez"]
[Result "1-0"]
[WhiteElo "2328"]
[BlackElo "2238"]
[TimeControl "180+1"]
[EndTime "15:16:00 PST"]
[Termination "szefru won on time"]

1. e4 c5 2. Nf3 e6 3. b3 d5 4. exd5 exd5 5. Bb5+ Nc6 6. O-O Bd6 7. Re1+ Ne7 8. d4 O-O 9. Bg5 f6 10. Be3 cxd4 11. Nxd4 Nxd4 12. Bxd4 a6 13. Bd3 b5 14. Nd2 Nf5 15. Bb2 Re8 16. Qf3 Ne7 17. Qh5 g6 18. Qf3 f5 19. Rxe7 Qxe7 20. Qxd5+ Be6 21.
Qd4 Red8 22. Qh8+ Kf7 23. Qxh7+ Ke8 24. Qxg6+ Kd7 25. Bf6 Qe8 26. Qg7+ Be7 27. Nf3 Kd6 28. Be5+ Kc5 29. Bc3 Bd6 30. Qd4+ Kc6 31. Ne5+ Bxe5 32. Qxe5 Rd5 33. Qf4 Qd7 34. Re1 Rg8 35. g3 Re8 36. a4 bxa4 37. Qxa4+ Kb7 38. Qxa6+ Kb8 39. Qb6+ Qb7 40. Rxe6 Qxb6 41. Rxb6+ Kc7 42. Rf6 f4 43. Rxf4 Red8 44. Rc4+ Kb8 45. Kg2 Re8 46. Be4 Rd1 47.
f4 Rc1 48. Be5+ Ka7 49. Rc7+ Ka6 50. Bd3+ Kb6 51. Rc3 Rd1 52. b4 Rd2+ 53. Kf3 Rd1 54. h4 Rd2 55. Bd4+ Kb7 56. Be4+ Kb8 57. Be5+ Ka7 58. Rc6 Re7 59. b5 1-0

[Event "Late-Titled-Tuesday-Blitz-November-28-2023"]
[Site "Chess.com"]
[Date "2023.11.28"]
[Round "7"]
[White "Jaka_Brilej"]
[Black "MKlose11"]
[Result "0-1"]
[WhiteElo "2461"]
[BlackElo "2601"]
[TimeControl "180+1"]
[EndTime "15:16:03 PST"]
[Termination "MKlose11 won by resignation"]

1. d4 Nf6 2. Nc3 c5 3. d5 d6 4. e4 g6 5. Nf3 Bg7 6. Bb5+ Bd7 7.
a4 O-O 8. O-O Na6 9. h3 Nc7 10.
Bc4 Rb8 11. Re1 b6 12. e5 dxe5 13. Nxe5 a6 14. Bf4 b5 15. axb5 axb5 16. Nxd7 Qxd7 17. Bxc7 Qxc7 18. Nxb5 Qd7 19. Ra7 Rb7 20. Rxb7 Qxb7 21.
Qf3 Ne8 22. b3 Nd6 23. Nxd6 exd6 24. Qe4 Qb4 25. Re2 Qc3 26. g3 Be5 27. Kg2 Qa1 28. Re1 Qb2 29. Re2 f5 30. Qf3 f4 31. g4 Qc1 32.
Bd3 Ra8 33. Rxe5 Ra1 34. Re1 Qxe1 35. Qxf4 Qe7 36. Qe4 Qxe4+ 37. Bxe4 g5 38. h4 h6 39. hxg5 hxg5 40. Kg3 Rf1 41. Kg2 Re1 42. Kf3 Kf7 43.
Bf5 Kf6 44. Kg2 Ke5 45. f3 Kxd5 46. Bd3 Ke5 47. Be4 Kf4 48. Kf2 Rh1 49. Ke2 Rh8 50.
Kd3 Ke5 51. Kc4 Rb8 52. c3 Rb6 53. Ba8 Rb8 54. Be4 Rf8 55. Bc6 Rf4+ 56. Kd3 d5 57. Ke3 Rf6 58. Ba8 Rb6 59. c4 Rxb3+ 60. Kd2 dxc4 61.
Be4 Kd4 62. Kc2 Re3 0-1

[Event "Late-Titled-Tuesday-Blitz-November-28-2023"]
[Site "Chess.com"]
[Date "2023.11.28"]
[Round "7"]
[White "koncheto"]
[Black "Matthew_Clarke"]
[Result "1-0"]
[WhiteElo "2523"]
[BlackElo "2265"]
[TimeControl "180+1"]
[EndTime "15:16:04 PST"]
[Termination "koncheto won by resignation"]

1. e4 e5 2. Nf3 Nc6 3. d4 exd4 4.
Bc4 Nf6 5. O-O Nxe4 6. Nc3 dxc3 7. Bxf7+ Kxf7 8. Qd5+ Ke8 9. Re1 Be7 10. Rxe4 Rf8 11. Bg5 Rf7 12. Bxe7 Qxe7 13. Rxe7+ Nxe7 14. Qd4 cxb2 15. Qxb2 h6 16. Ne5 Rf6 17. Re1 d6 18. Nf3 Kf8 19.
Qb3 Nc6 20. Qd3 Bf5 21. Qb3 Nd8 22. Nd4 Bg6 23. Qd5 c6 24. Qb3 Bf7 25. Qg3 d5 26. Qc7 Kg8 27. g4 b6 28. Nf5 Ne6 29. Qxc6 Rf8 30.
Qxd5 Kh7 31. Qd7 g6 32. Nd6 Kg8 33. Qxa7 Ng5 34. Qxb6 Bd5 35. h4 Nh3+ 36. Kh2 Rxf2+ 37.
Qxf2 Nxf2 38. c4 Bc6 39. Kg3 h5 40. gxh5 gxh5 41. Rb1 Ng4 42. Rb6 Bd7 43. c5 Rf1 44. Ne4 Rg1+ 45. Kf4 Rc1 46. Kg5 Ne3 47. Kxh5 Nf5 48.
Nf6+ Kf7 49. Nxd7 Ke7 50. Ne5 Rxc5 51. Ng6+ Kf7 52. Kg4 Ne3+ 53. Kf3 Nf5 54. h5 Rc4 55. Ne5+ Kg7 56. Nxc4 1-0